 Dungeon Crawl Stone Soup version 0.27.1-3-gb3d3a73c9e (webtiles) character file.

Game seed: 8089722486989187004

163 buriedalive the Chiller (level 5, -11/28 HPs)
             Began as a Deep Elf Ice Elementalist on Oct 29, 2021.
             Mangled by an ogre (19 damage)
             ... on level 3 of the Dungeon.
             The game lasted 00:08:29 (3766 turns).

buriedalive the Chiller (Deep Elf Ice Elementalist) Turns: 3766, Time: 00:08:29

Health: -11/28     AC: 10    Str:  5    XL:     5   Next: 20%
Magic:  6/14       EV: 13    Int: 21    God:
Gold:   117        SH:  0    Dex: 15    Spells: 4/13 levels left

rFire    . . .     SeeInvis .   b - +0 whip
rCold    . . .     Faith    .   (no shield)
rNeg     . . .     Spirit   .   a - +1 robe
rPois    .         Reflect  .   (no helmet)
rElec    .         Harm     .   (no cloak)
rCorr    .         Rampage  .   (no gloves)
Will     .....                  (no boots)
Stlth    ++........             (no amulet)
HPRegen  0.09/turn              (no ring)
MPRegen  0.14/turn              (no ring)

@: ice-armoured, freezing walls
A: no striking features
a: no special abilities


You were on level 3 of the Dungeon.
You visited 1 branch of the dungeon, and saw 4 of its levels.

You collected 117 gold pieces.

Inventory:

Hand Weapons
 b - a +0 whip (weapon)
Missiles
 k - 20 stones
Armour
 a - a +1 robe (worn)
 d - a +2 kite shield
Scrolls
 g - a scroll of fear
 m - a scroll of enchant armour
Potions
 c - 2 potions of curing
 f - a potion of might
 l - a potion of lignification {unknown}
 n - 2 potions of flight {unknown}
 o - a potion of attraction {unknown}
 p - a potion of magic {unknown}


   Skills:
 + Level 4.2 Dodging
 - Level 2.4 Stealth
 + Level 4.8 Spellcasting
 + Level 5.4 Ice Magic


You had 4 spell levels left.
You knew the following spells:

 Your Spells              Type           Power      Damage    Failure   Level
a - Freeze                Ice            100%       1d11      1%          1
b - Ozocubu's Armour      Ice            28%        N/A       3%          3
c - Frozen Ramparts       Ice            56%        1d7       3%          3
d - Searing Ray           Conj           10%        3d3       17%         2

Your spell library contained the following spells:

 Spells                   Type           Power      Damage    Failure   Level
 Magic Dart               Conj           20%        1d4       11%         1
 Sublimation of Blood     Necr           2%         N/A       17%         2
 Hailstorm                Conj/Ice       16%        3d6       34%         4
 Fulminant Prism          Conj/Hex       2%         3d6       73%         4
 Petrify                  Tmut/Erth      5%         N/A       73%         4
 Metabolic Englaciation   Hex/Ice        8%         N/A       69%         5
 Irradiate                Conj/Tmut      2%         3d14      97%         5
 Simulacrum               Ice/Necr       8%         N/A       99%         6


Dungeon Overview and Level Annotations

Branches:
Dungeon (4/15)
 Temple: D:4-7

Altars:
Dithmenos
Wu Jian
Xom

Shops:
D:3 =


Message History

There is a stone staircase leading up here.
There are monsters nearby!
The ogre closely misses you.
You climb upwards.
You feel your willpower return.
There is a stone staircase leading down here.
Unknown command.
Casting: Freeze (safe; 1% risk of failure)
Confirm with . or Enter, or press ? or * to list all spells.
A film of ice covers your body! The ogre barely misses you.
Unknown command.
Casting: Ozocubu's Armour (dangerous; 3% risk of failure)
Confirm with . or Enter, or press ? or * to list all spells.
Casting: Frozen Ramparts (dangerous; 3% risk of failure)
Press: ? - help, Dir - look around, f - activate A stone staircase leading down.
The walls around you are covered in ice.
Casting: Frozen Ramparts (dangerous; 3% risk of failure)
Confirm with . or Enter, or press ? or * to list all spells.
Aiming: Freeze (safe; 1% risk of failure)
Press: ? - help, Shift-Dir - straight line, f - ogre
Aim: an ogre, wielding a +0 giant spiked club You freeze the ogre!
The ogre is moderately wounded.
The wall freezes the ogre.
The ogre hits you with a +0 giant spiked club!!
Ouch! That really hurt!
* * * LOW HITPOINT WARNING * * *
You feel better.
The wall freezes the ogre.
The ogre closely misses you.
Casting: Freeze (safe; 1% risk of failure)
Confirm with . or Enter, or press ? or * to list all spells.
Aiming: Freeze (safe; 1% risk of failure)
Press: ? - help, Shift-Dir - straight line, f/p - ogre
Aim: an ogre, wielding a +0 giant spiked club (heavily wounded)
You freeze the ogre.
The ogre is heavily wounded.
The wall freezes the ogre.
The ogre hits you with a +0 giant spiked club!!
Ouch! That really hurt!
You die...

.......##≈≈# ###.###..≈P≈♣≈♣≈≈≈.#
........#≈≈###........P≈≈♣≈♣≈P≈P#
).......#≈≈##..##.PPP≈≈♣≈♣≈≈≈≈P##
........#≈≈≈#..#P.≈≈≈♣≈♣≈≈≈P..##
.#####..#≈≈≈#≈..P≈≈♣P≈P≈≈.≈##.##
.# #..#≈≈≈≈≈..P.PP.≈.≈.###...# ##
#..!≈≈≈≈.........#### #...# #
#...≈≈≈≈.........# #...# #
#...≈≈≈....@#.#..######...## ###
##.≈≈≈P≈...O#....##......... ..#
#...≈≈≈....###............. #.#
#...≈≈≈≈........##......... ..#
#.P≈≈≈≈.........#####.....# ..#
#.≈≈≈≈≈≈...###### #.....#
..#####.≈.≈≈≈...## #.....#
.♣.♣.♣...≈≈≈≈...# #......
.....##..≈P≈≈≈..# #.#.#..


You could see an ogre.

Vanquished Creatures
  An orc wizard (D:3)
  Natasha (thrice) (D:3)
  An adder (D:3)
  3 orcs (D:3)
  6 bats
  5 endoplasms
  5 giant cockroaches
  4 goblins
  5 hobgoblins
  4 kobolds (D:1)
  2 quokkas
  4 ball pythons
  5 frilled lizards
  5 rats
53 creatures vanquished.

Vanquished Creatures (others)
  An endoplasm (D:4)
  A giant cockroach (D:4)
  A ball python (D:4)
  37 plants (D:3)
40 creatures vanquished.

Grand Total: 93 creatures vanquished

Notes
Turn   | Place    | Note
-------+----------+-------------------------------------------
     0 | D:1      | buriedalive the Deep Elf Ice Elementalist began the quest
                  | for the Orb.
     0 | D:1      | Reached XP level 1. HP: 10/10 MP: 6/6
   359 | D:1      | Reached XP level 2. HP: 15/15 MP: 8/8
  1039 | D:2      | Reached XP level 3. HP: 17/19 MP: 8/10
  1233 | D:2      | Found a faded altar of an unknown god.
  1299 | D:2      | You fall into a shaft and drop 2 floors!
  1299 | D:4      | Noticed a scorpion
  1299 | D:4      | Noticed an ogre
  1299 | D:4      | Found a shimmering altar of Xom.
  1488 | D:3      | Learned a level 3 spell: Ozocubu's Armour
  1492 | D:3      | Learned a level 3 spell: Frozen Ramparts
  1499 | D:3      | Noticed Natasha
  1528 | D:3      | Killed Natasha
  1529 | D:3      | Reached skill level 5 in Ice Magic
  1529 | D:3      | Reached XP level 4. HP: 20/24 MP: 3/12
  1600 | D:3      | Found a shadowy altar of Dithmenos.
  1725 | D:2      | Learned a level 2 spell: Searing Ray
  2292 | D:3      | Noticed Natasha
  2470 | D:3      | Killed Natasha
  2484 | D:3      | Noticed Natasha
  2489 | D:3      | Killed Natasha
  2767 | D:3      | Found an ornate altar of the Wu Jian Council.
  2832 | D:3      | Reached XP level 5. HP: 20/28 MP: 0/14
  3218 | D:3      | Found Tuschuann's Jewellery Emporium.
  3766 | D:3      | Mangled by an ogre

Illustrated notes

Levels and vault maps discovered:
D:1:      minmay_arrival_wavy_path, layout_basic, minmay_misc_feat_pillars
D:2:      kennysheep_big_flooded_room, layout_basic, basic_ecumenical_altar,
          kennysheep_boxes
D:3:      layout_loops_cross, grunt_dithmenos_smoke_and_mirrors,
          mainiacjoe_overflow_brackets, serial_shops, shop_fountains,
          serial_forest, infiniplex_forest_clump_medium,
          infiniplex_forest_lined_room_3, infiniplex_forest_pool,
          infiniplex_forest_lined_room_2, chequers_big_river,
          serial_bayou_lagoon_a, kennysheep_nub, uniq_natasha
D:4:      layout_rooms, xom_confusion_cloud, vehumet_statue,
          kennysheep_generic_room_12, uniq_duvessa

Skill      XL: |  1  2  3  4 |
---------------+-------------+-----
Dodging        | 3 4 |  4.2
Spellcasting   | 4 |  4.8
Ice Magic      | 5 |  5.4
Stealth        | |  2.4

Action                   |  1- 3 |  4- 6 || total
-------------------------+-------+-------++-------
Melee: Whip              |    18 |    21 ||    39
 Cast: Freeze            |    35 |    21 ||    56
       Ozocubu's Armour  |     1 |     4 ||     5
       Frozen Ramparts   |     1 |     3 ||     4
       Searing Ray       |       |     3 ||     3
  Use: Scroll            |       |     9 ||     9
       Potion            |       |     1 ||     1
 Stab: Sleeping          |     3 |     2 ||     5
Armor: Robe              |    11 |    10 ||    21
Dodge: Dodged            |    35 |    31 ||    66
